 Dungeon Crawl Stone Soup version 0.29.1-15-g9cfb28693d (webtiles) character file.

Game seed: 8823494732767798596

557 growler the Martial Artist (level 7, 0/72 HPs)
             Began as a Merfolk Transmuter on Mar 25, 2023.
             Was an Initiate of Wu Jian.
             Succumbed to Eustachio's poison
             ... on level 5 of the Dungeon.
             The game lasted 00:10:26 (5084 turns).

growler the Martial Artist (Merfolk Transmuter)     Turns: 5084, Time: 00:10:26

Health: 0/72       AC: 23    Str:  9 (10) XL:     7   Next: 30%
Magic:  3/11       EV:  2    Int: 12 (14) God:    Wu Jian [......]
Gold:   162        SH:  0    Dex: 14 (15) Spells: 2/12 levels left

rFire   . . .      SeeInvis .     - Unarmed
rCold   . . .      Faith    .   (no shield)
rNeg    . . .      Spirit   +   (body armour currently unavailable)
rPois   +          Reflect  .   (helmet currently unavailable)
rElec   .          Harm     .   (cloak currently unavailable)
rCorr   .          Rampage  .   (gloves currently unavailable)
Will    +....      NoTele   +   (boots currently unavailable)
Stlth   +.........              e - amulet of guardian spirit
HPRegen 0.22/turn               f - ring of willpower
MPRegen 0.12/turn               (no ring)

@: brilliant, lethally poisoned (0 -> -9), tree-form
A: stationary, stasis, torment immunity, boosted hp, (nimble swimmer 2),
(mertail)
a: Renounce Religion


You were on level 5 of the Dungeon.
You worshipped Wu Jian.
Wu Jian was noncommittal.
You were a tree.
You visited 1 branch of the dungeon, and saw 5 of its levels.

You collected 162 gold pieces.

Inventory:

Armour
 a - a +0 robe (melded)
 t - a +0 pair of gloves (melded)
Jewellery
 e - an amulet of guardian spirit (around neck)
 f - a ring of willpower (left branch)
Scrolls
 d - a scroll of summoning {unknown}
 g - a scroll of torment {unknown}
 h - a scroll of brand weapon {unknown}
 j - a scroll of fear
 k - a scroll of poison {unknown}
 l - a scroll of teleportation {unknown}
 n - a scroll of acquirement {unknown}
 o - a scroll of enchant weapon {unknown}
 q - a scroll of identify
 v - a scroll of butterflies {unknown}
Potions
 c - a potion of haste
 m - a potion of mutation
 s - a potion of flight {unknown}
 u - a potion of magic {unknown}


   Skills:
 - Level 1.3 Fighting
 - Level 2.9 Dodging
 + Level 8.0 Unarmed Combat
 - Level 3.0 Spellcasting
 - Level 4.0 Transmutations


You had 2 spell levels left.
You knew the following spells:

 Your Spells              Type           Power      Damage    Failure   Level
a - Beastly Appendage     Tmut           34%        N/A       4%          1
b - Wereblood             Tmut           17%        N/A       7%          2
c - Spider Form           Tmut/Pois      9%         N/A       32%         3
d - Ice Form              Ice/Tmut       9%         N/A       71%         4

Your spell library contained the following spells:

 Spells                   Type           Power      Damage    Failure   Level
 Passwall                 Tmut/Erth      7%         N/A       16%         2
 Sandblast                Erth           4%         2d4       24%         1
 Slow                     Hex            8%         N/A       24%         1
 Confusing Touch          Hex            2%         N/A       58%         3
 Stone Arrow              Conj/Erth      4%         3d7       58%         3
 Vampiric Draining        Necr           2%         2d6       58%         3
 Animate Armour           Summ/Erth      4%         N/A       94%         4
 Lehudib's Crystal Spear  Conj/Erth      1%         10d2      100%        8


Dungeon Overview and Level Annotations

Branches:
Dungeon (5/15)
 Temple: D:4-7

Altars:
Elyvilon
Qazlal
Wu Jian
Xom


Innate Abilities, Weirdness & Mutations

You are a tree.
Your roots penetrate the ground, keeping you stationary.
You cannot be teleported.
You are immune to unholy pain and torment.
Your maximum health is greatly increased.
Your equipment is partially melded.
((You are very nimble when in or above water. (Stealth+, EV+, Speed+++)))
((Your lower body shifts to a powerful aquatic tail in water.))


Message History

Eustachio attacks as you move away!
Eustachio hits you with a +2 rapier of venom.
You are poisoned.
You feel very sick.
You feel sick.
You feel sick.
Eustachio gestures wildly while chanting.
You feel sick.
There is a stone staircase leading up here.
You lunge at Eustachio.
You barely miss Eustachio.
Eustachio is almost dead.
You feel sick.
Eustachio hits you with a +2 rapier of venom.
* * * LOW HITPOINT WARNING * * *
You are lethally poisoned!
Really quaff the potion of lignification?
You turn into a tree.
Your +0 pair of gloves melds into your body.
Your +0 robe melds into your body.
Your roots penetrate the ground.
* * * LOW HITPOINT WARNING * * *
You feel very sick.
The ufetubus hits you but does no damage. x2
Eustachio hits you with a +2 rapier of venom.
* * * LOW HITPOINT WARNING * * *
You smack Eustachio!
You kill Eustachio!
The Council accepts your kill.
The iron imp disappears in a puff of smoke!
The ufetubus disappears in a puff of smoke!
* * * LOW HITPOINT WARNING * * *
You feel sick.
Your Unarmed Combat skill increases to level 8!
You have reached level 7!
It was a potion of brilliance.
You feel clever all of a sudden.
* * * LOW HITPOINT WARNING * * *
You feel very sick.
It was a potion of degeneration.
There was something very wrong with that liquid.
You feel weakened.
You feel dopey.
You feel clumsy.
You die...

........#.#
.......^#.#
........#.#
........#.#+#####
..............#
#.......?...#
#...........#
#...........#
#<♣)§.......#
##.......$..#
......#+#......
..####.# ######
... ####. .# #


There were no monsters in sight!

Vanquished Creatures
  Eustachio (D:5)
  4 killer bees (D:4)
  3 iguanas
  2 gnolls (D:1)
  6 adders
  An ufetubus (D:4)
  A worm (D:2)
  3 orcs (D:3)
  8 ball pythons
  3 endoplasms (D:1)
  3 giant cockroaches
  11 goblins
  6 hobgoblins
  11 jackals
  4 quokkas
  6 bats
  3 frilled lizards
  7 kobolds
  4 rats
87 creatures vanquished.

Vanquished Creatures (others)
  A hobgoblin (D:3)
  A quokka (D:3)
2 creatures vanquished.

Grand Total: 89 creatures vanquished

Notes
Turn   | Place    | Note
-------+----------+-------------------------------------------
     0 | D:1      | growler the Merfolk Transmuter began the quest for the Orb.
     0 | D:1      | Reached XP level 1. HP: 15/15 MP: 3/3
   215 | D:1      | Reached XP level 2. HP: 17/21 MP: 5/5
   379 | D:1      | Found a faded altar of an unknown god.
   780 | D:1      | Reached XP level 3. HP: 13/26 MP: 2/6
   783 | D:1      | Learned a level 2 spell: Wereblood
   787 | D:1      | Learned a level 3 spell: Spider Form
  1488 | D:2      | Reached XP level 4. HP: 27/32 MP: 3/8
  1657 | D:2      | Reached skill level 4 in Unarmed Combat
  3170 | D:3      | Found a shimmering altar of Xom.
  3508 | D:4      | Reached XP level 5. HP: 30/37 MP: 5/9
  3639 | D:4      | Reached skill level 5 in Unarmed Combat
  3652 | D:4      | Reached skill level 6 in Unarmed Combat
  3652 | D:4      | Reached XP level 6. HP: 43/43 MP: 10/10
  3662 | D:4      | Learned a level 4 spell: Ice Form
  4391 | D:4      | Reached skill level 7 in Unarmed Combat
  4602 | D:4      | Found an ornate altar of the Wu Jian Council.
  4618 | D:4      | Found a stormy altar of Qazlal.
  4630 | D:4      | Became a worshipper of the Wu Jian Council
  4657 | D:4      | Found a white marble altar of Elyvilon.
  5038 | D:5      | Entered Level 5 of the Dungeon
  5066 | D:5      | Noticed Eustachio
  5082 | D:5      | Killed Eustachio
  5083 | D:5      | Reached skill level 8 in Unarmed Combat
  5083 | D:5      | Reached XP level 7. HP: 6/48 MP: 2/11
  5083 | D:5      | HP: 3/72 [poisoned by Eustachio]
  5084 | D:5      | Succumbed to Eustachio's poison

Illustrated notes

Levels and vault maps discovered:
D:1:      psy_arrival_terrarium, layout_basic,
          dreamdust_ecumenical_altar_statues
D:2:      layout_loops_corners
D:3:      layout_rooms, xom_confusion_cloud, serial_curves, eino_curves_02,
          eino_curves_02
D:4:      layout_loops_corners, nzn_wu_jian_council_hall,
          nicolae_overflow_hidden_temple
D:5:      layout_basic, uniq_duvessa, uniq_blork_the_orc, uniq_eustachio

Skill      XL: |  1  2  3  4  5  6 |
---------------+-------------------+-----
Transmutations | 3 4 |  4.0
Unarmed Combat | 4 6 8 |  8.0
Spellcasting   | 3 |  3.0
Fighting       | |  1.3
Dodging        | |  2.9

Action                   |  1- 3 |  4- 6 |  7- 9 || total
-------------------------+-------+-------+-------++-------
Melee: Unarmed           |   120 |   203 |       ||   323
       Headbutt          |     8 |    14 |       ||    22
       Punch             |     3 |     5 |       ||     8
 Cast: Beastly Appendage |     9 |    31 |       ||    40
       Spider Form       |     1 |     6 |       ||     7
       Wereblood         |     1 |     4 |       ||     5
Invok: Lunge             |       |     1 |       ||     1
 Abil: End Transformatio |       |     1 |       ||     1
  Use: Scroll            |       |     4 |       ||     4
       Potion            |       |     3 |     2 ||     5
 Stab: Sleeping          |     2 |     2 |       ||     4
Armor: Robe              |    18 |    20 |       ||    38
       Skin              |       |    36 |       ||    36
Dodge: Dodged            |    85 |    98 |       ||   183
